 Dungeon Crawl Stone Soup version 0.25-a0-632-g7713895373 (webtiles) character file.

Game seed: 6502581705221595200, levelgen mode: deterministic

342 Envy91 the Fighter (level 6, 0/61 HPs)
             Began as a Minotaur Berserker on Mar 19, 2020.
             Was a Believer of Trog.
             Slain by an orc priest
             ... wielding a +0 dagger
              (3 damage)
             ... in the Ecumenical Temple.
             The game lasted 00:29:54 (3149 turns).

Envy91 the Fighter (Minotaur Berserker)             Turns: 3149, Time: 00:29:55

Health: 0/61       AC:  4    Str: 23    XL:     6   Next: 30%
Magic:  5/5        EV: 12    Int:  4    God:    Trog [**....]
Gold:   78         SH:  0    Dex: 10    Spells: 5/5 levels left

rFire    . . .     SeeInvis .   q - +1 hand axe (elec)
rCold    . . .     Gourm    .   (no shield)
rNeg     . . .     Faith    .   b - +2 robe {MR+}
rPois    .         Spirit   .   (helmet restricted)
rElec    .         Reflect  .   (no cloak)
rCorr    .         Harm     .   (no gloves)
MR       +....                  (no boots)
Stlth    +.........             (no amulet)
HPRegen  0.20/turn              o - ring of wizardry
MPRegen  0.09/turn              (no ring)

@: lethally poisoned (0 -> -3)
A: retaliatory headbutt, horns 2
a: Berserk, Trog's Hand, Renounce Religion


You were in the Ecumenical Temple.
You worshipped Trog.
Trog was pleased with you.
You were hungry.

You visited 2 branches of the dungeon, and saw 5 of its levels.

You collected 78 gold pieces.

Inventory:

Hand Weapons
 q - a +1 hand axe of electrocution (weapon)
Missiles
 l - 51 arrows
Armour
 a - a +0 chain mail
 b - a +2 robe of magic resistance (worn)
Jewellery
 o - a ring of wizardry (left hand)
Scrolls
 d - a scroll of immolation {unknown}
 e - 2 scrolls of teleportation {unknown}
 f - 2 scrolls of enchant weapon {unknown}
 g - 2 scrolls of blinking {unknown}
 j - 2 scrolls of identify {unknown}
 k - 3 scrolls of remove curse {unknown}
Potions
 h - a potion of might {unknown}
 i - 2 potions of heal wounds {unknown}
 n - a potion of stabbing {unknown}
 p - a potion of haste {unknown}
Comestibles
 c - 6 rations


   Skills:
 - Level 8.0 Fighting
 - Level 4.0 Axes
 + Level 3.4 Armour
 - Level 2.2 Dodging


You had 5 spell levels left.
You didn't know any spells.
Your spell library was empty.

Dungeon Overview and Level Annotations

Branches:
Dungeon (4/15)             Temple (1/1) D:4

Altars:
Ashenzari
Elyvilon
Nemelex Xobeh
Okawaru
Trog
Vehumet


Innate Abilities, Weirdness & Mutations

You reflexively headbutt those who attack you in melee.
You have a pair of horns on your head.


Message History

You furiously retaliate!
You headbutt the worker ant.
There is a staircase to the Ecumenical Temple here.
You can't go up here!
The orc priest closely misses you. You furiously retaliate!
You headbutt the orc priest. The orc hits you with a +0 short sword.
* * * LOW HITPOINT WARNING * * *
The worker ant bites you.
* * * LOW HITPOINT WARNING * * *
You are lethally poisoned!
The worker ant poisons you!
You climb downwards.
Welcome back to the Ecumenical Temple!
* * * LOW HITPOINT WARNING * * *
You feel sick.
There is a staircase back to the Dungeon here.
You can't go down here!
You can't go down here!
* * * LOW HITPOINT WARNING * * *
You feel sick.
The orc priest hits you with a +0 dagger.
You die...

..#. .....
#... ....# .
##..# ._.. ⌠.
....# ...
..#.
#...#..#.....
#...#..#...#
#.a.#..._..
#o@.#
..._...#o..#
.#...#..#...#
.... .#.
#...# ..#
.... #.... .
⌠..._ #..##
..#... ...#
....... #..


You could see a worker ant, an orc priest and an orc.

Vanquished Creatures
  A howler monkey (D:4)
  3 orc priests (D:3)
  2 orc wizards
  Jessica (D:3)
  Robin (D:2)
  5 adders
  An ooze (D:1)
  2 worms
  3 dart slugs
  3 leopard geckos
  An orc (D:3)
  5 giant cockroaches
  7 hobgoblins
  A quokka (D:2)
  A ball python (D:3)
  4 bats
  6 frilled lizards
  12 goblins
  8 kobolds
  7 rats
74 creatures vanquished.

Notes
Turn   | Place    | Note
-------+----------+-------------------------------------------
     0 | D:1      | Envy91 the Minotaur Berserker began the quest for the Orb.
     0 | D:1      | Reached XP level 1. HP: 19/19 MP: 0/0
   263 | D:1      | Reached XP level 2. HP: 27/27 MP: 1/1
   265 | D:1      | Reached skill level 4 in Fighting
  1240 | D:2      | Reached XP level 3. HP: 34/35 MP: 2/2
  1255 | D:2      | Reached skill level 5 in Fighting
  1389 | D:2      | Reached ** piety under Trog
  1410 | D:2      | Found a radiant altar of Vehumet.
  1901 | D:2      | Noticed Robin
  1913 | D:2      | Reached XP level 4. HP: 42/42 MP: 3/3
  1918 | D:2      | Killed Robin
  2059 | D:2      | Reached skill level 6 in Fighting
  2594 | D:3      | Noticed Jessica
  2599 | D:3      | Killed Jessica
  2599 | D:3      | Reached XP level 5. HP: 51/51 MP: 4/4
  2617 | D:3      | Found a shattered altar of Ashenzari.
  2789 | D:3      | Found a glowing drain.
  2855 | D:3      | Reached skill level 7 in Fighting
  2873 | D:3      | Reached skill level 8 in Fighting
  2873 | D:3      | Reached XP level 6. HP: 36/61 MP: 5/5
  3084 | D:4      | Found a staircase to the Ecumenical Temple.
  3090 | Temple   | Entered the Ecumenical Temple
  3149 | Temple   | HP: 3/61 [poisoned by a worker ant]
  3149 | Temple   | Slain by an orc priest

Levels and vault maps discovered:
D:1:      grunt_arrival_lava_bath, layout_basic
D:2:      layout_loops_cross, vehumet_crystals, uniq_robin
D:3:      layout_basic, old_standard_altar, portal_sewer_entry_a, first_ration,
          minivault_26, minmay_misc_feat_enclosed, uniq_jessica
D:4:      layout_rooms, temple_green
Temple:   eino_temple_rhombus

Skill      XL: |  1  2  3  4  5  6 |
---------------+-------------------+-----
Axes           | 4 |  4.0
Fighting       | 4 5 6 8 |  8.0
Armour         | 3 |  3.4
Dodging        | |  2.2

Action                   |  1- 3 |  4- 6 || total
-------------------------+-------+-------++-------
Melee: Hand axe          |    74 |    82 ||   156
       Headbutt          |     9 |    15 ||    24
Invok: Berserk           |     2 |     1 ||     3
       Trog's Hand       |       |     2 ||     2
  Eat: Chunk             |     4 |     6 ||    10
Armor: Animal skin       |    11 |    10 ||    21
       Ring mail         |       |     8 ||     8
       Chain mail        |       |     5 ||     5
       Robe              |       |     1 ||     1
Dodge: Dodged            |    45 |    59 ||   104

Table legend:
 A = Non-vault XP
 B = Vault XP
 C = Vault XP percentage of total XP
 D = Non-vault monster count
 E = Vault monster count
 F = Vault count percentage of total count
                 A         B        C        D         E       F
            +---------+---------+-------+---------+---------+-------
      Total |     414 |      75 |  15.3 |      60 |      14 |  18.9
            +---------+---------+-------+---------+---------+-------
        D:1 |      35 |       0 |   0.0 |      20 |       0 |   0.0
        D:2 |      72 |      31 |  30.1 |      18 |       9 |  33.3
        D:3 |     219 |      44 |  16.7 |      20 |       5 |  20.0
        D:4 |      88 |       0 |   0.0 |       2 |       0 |   0.0
            +---------+---------+-------+---------+---------+-------
